 Dungeon Crawl Stone Soup version 0.25-a0-589-g1e14c549ee (webtiles) character file.

Game seed: 1971852263902853880, levelgen mode: deterministic

125 HailSeitan the Slasher (level 5, -5/27 HPs)
             Began as a Vine Stalker Fighter on Mar 10, 2020.
             Killed by divine providence
             ... invoked by an orc priest
              (9 damage)
             ... on level 3 of the Dungeon.
             The game lasted 00:04:39 (2413 turns).

HailSeitan the Slasher (Vine Stalker Fighter)       Turns: 2413, Time: 00:04:41

Health: -5/27      AC:  7    Str: 19    XL:     5   Next: 9%
Magic:  0/6        EV:  7    Int:  8    God:
Gold:   119        SH:  9    Dex: 14    Spells: 4/4 levels left

rFire    . . .     SeeInvis .   a - +0 long sword
rCold    . . .     Gourm    .   c - +0 kite shield
rNeg     . . .     Faith    .   b - +0 scale mail
rPois    .         Spirit   +   l - +0 helmet
rElec    .         Reflect  .   (no cloak)
rCorr    .         Harm     .   (no gloves)
MR       .....                  (no boots)
Stlth    ..........             (no amulet)
HPRegen  0.49/turn              (no ring)
MPRegen  0.10/turn              (no ring)

@: no status effects
A: fangs 2, regeneration 1, magic shield, antimagic bite, no potion heal 3, rot
immunity
a: no special abilities


You were on level 3 of the Dungeon.
You were not hungry.

You visited 1 branch of the dungeon, and saw 3 of its levels.

You collected 119 gold pieces.

Inventory:

Hand Weapons
 a - a +0 long sword (weapon)
Armour
 b - a +0 scale mail (worn)
 c - a +0 kite shield (worn)
 l - a +0 helmet (worn)
Scrolls
 e - a scroll of fear {unknown}
 h - 2 scrolls of identify {unknown}
 i - a scroll of fog {unknown}
 m - 2 scrolls of teleportation {unknown}
 n - a scroll of enchant weapon {unknown}
 o - a scroll of remove curse {unknown}
 q - a scroll of blinking {unknown}
Potions
 d - a potion of might
 g - a potion of berserk rage {unknown}
 j - 2 potions of lignification {unknown}
 k - a potion of curing {unknown}
Comestibles
 f - 5 rations
 p - 2 chunks of flesh


   Skills:
 - Level 2.6 Fighting
 + Level 4.6 Long Blades
 - Level 2.4 Armour
 - Level 2.6 Shields


You had 4 spell levels left.
You didn't know any spells.
Your spell library was empty.

Dungeon Overview and Level Annotations

Branches:
Dungeon (3/15)

Altars:
Fedhas
Hepliaklqana
Kikubaaqudgha
Nemelex Xobeh
Sif Muna
Wu Jian
Yredelemnul


Innate Abilities, Weirdness & Mutations

You have extremely sharp teeth.
Your natural rate of healing is unusually fast.
When hurt, damage is shared between your health and your magic reserves.
Your bite disrupts and absorbs the magic of your enemies.
Potions cannot restore your health.
You are immune to rotting.


Message History

You block the orc wizard's attack. The orc priest barely misses you.
You closely miss the orc priest.
You bite the orc priest, but do no damage.
The orc priest is moderately wounded.
The orc hits you but does no damage.
The orc wizard hits you but does no damage.
The orc priest hits you but does no damage.
You hit the orc priest but do no damage.
The orc priest is moderately wounded.
You block the orc's attack. You block the orc wizard's attack.
The orc priest hits you with a +0 whip.
* * * LOW HITPOINT WARNING * * *
You hit the orc priest.
The orc priest is heavily wounded.
The orc hits you with a +0 dagger.
* * * LOW HITPOINT WARNING * * *
The orc wizard hits you but does no damage.
The orc priest calls down the wrath of Beogh upon you.
Beogh smites you!
You die...

.......######.#
....>(........#
....# #......#####
...###.#.##.....#
####........[......
#...........(..# ..
#.........####.##..
#....)....+......#.
##o@.......#####..#.
#.oo.......# #..#.
#.########## ##.#.
#...# #.#.
#......o....# #.#.
#.#.......#.# #...
#.≈...≈.# .........
#.......# .........
#...o...# ......<#>


You could see an orc priest, an orc wizard and an orc.

Vanquished Creatures
  Natasha (D:2)
  Robin (D:2)
  An adder (D:2)
  5 worms (D:2)
  2 dart slugs (D:1)
  3 orcs (D:3)
  A ball python (D:2)
  A giant cockroach (D:1)
  15 goblins
  5 hobgoblins
  5 jackals (D:1)
  8 bats
  3 frilled lizards
  5 kobolds
  A rat (D:2)
57 creatures vanquished.

Notes
Turn   | Place    | Note
-------+----------+-------------------------------------------
     0 | D:1      | HailSeitan the Vine Stalker Fighter began the quest for the
                  | Orb.
     0 | D:1      | Reached XP level 1. HP: 11/11 MP: 2/2
   107 | D:1      | Reached skill level 2 in Long Blades
   145 | D:1      | Reached XP level 2. HP: 15/16 MP: 3/3
   705 | D:1      | Reached skill level 3 in Long Blades
   784 | D:1      | Reached XP level 3. HP: 17/19 MP: 2/4
  1546 | D:2      | Noticed Robin
  1567 | D:2      | Gained mutation: Your natural rate of healing is unusually
                  | fast. [Vine Stalker growth]
  1567 | D:2      | Reached XP level 4. HP: 19/23 MP: 5/5
  1579 | D:2      | Killed Robin
  1579 | D:2      | Reached skill level 4 in Long Blades
  1702 | D:2      | Found an ancient bone altar of Kikubaaqudgha.
  1702 | D:2      | Found an ornate altar of the Wu Jian Council.
  1702 | D:2      | Found a sparkling altar of Nemelex Xobeh.
  1787 | D:2      | Found a hazy altar of Hepliaklqana.
  1789 | D:2      | Found a blossoming altar of Fedhas.
  1919 | D:2      | Found a basalt altar of Yredelemnul.
  2049 | D:2      | Found a shimmering blue altar of Sif Muna.
  2297 | D:2      | Noticed Natasha
  2305 | D:2      | Killed Natasha
  2305 | D:2      | Reached XP level 5. HP: 27/27 MP: 3/6
  2413 | D:3      | Killed from afar by an orc priest

Levels and vault maps discovered:
D:1:      eino_arrival_water_cross, layout_basic, serial_rivers,
          chequers_serial_rivers_micro_e, chequers_serial_rivers_room_a,
          chequers_serial_rivers_micro_c, chequers_serial_rivers_micro_d,
          chequers_serial_rivers_micro_d, chequers_serial_rivers_marsh,
          minmay_pentomino_t2
D:2:      layout_loops_ring, nicolae_overflow_crystal_walls,
          chequers_temple_overflow_statue_of_worship, lemuel_blue_sif_altar,
          nicolae_overflow_hidden_temple, minmay_misc_feat_rows, fedhas_altar_2,
          uniq_robin, uniq_natasha
D:3:      cheibrodos_pilgrimage, layout_basic, gup_sewer_entry_glass,
          okawaru_trees_1

Skill      XL: |  1  2  3  4 |
---------------+-------------+-----
Long Blades    | 2 3 4 |  4.6
Fighting       | |  2.6
Armour         | |  2.4
Shields        | |  2.6

Action                   |  1- 3 |  4- 6 || total
-------------------------+-------+-------++-------
Melee: Long sword        |    95 |    91 ||   186
       Bite              |    40 |    27 ||    67
  Eat: Chunk             |     2 |     3 ||     5
Armor: Scale mail        |    60 |    44 ||   104
Dodge: Dodged            |    31 |    27 ||    58
Block: Kite shield       |    47 |    41 ||    88
       Rpst.: Long sword |     9 |     8 ||    17

Table legend:
 A = Non-vault XP
 B = Vault XP
 C = Vault XP percentage of total XP
 D = Non-vault monster count
 E = Vault monster count
 F = Vault count percentage of total count
                 A         B        C        D         E       F
            +---------+---------+-------+---------+---------+-------
      Total |     100 |      79 |  44.1 |      41 |      16 |  28.1
            +---------+---------+-------+---------+---------+-------
        D:1 |      38 |       0 |   0.0 |      18 |       0 |   0.0
        D:2 |      59 |      70 |  54.3 |      21 |      13 |  38.2
        D:3 |       3 |       9 |  75.0 |       2 |       3 |  60.0
            +---------+---------+-------+---------+---------+-------
